 Dungeon Crawl Stone Soup version 0.32-a0-163-g159c032296 (webtiles) character file.

Game seed: 11840216623756037930

117471 jasper the Markself (level 16, -16/97 HPs)
             Began as a Deep Elf Hexslinger on Feb 11, 2024.
             Was a High Priest of Okawaru.
             Killed from afar by a deep elf knight (29 damage)
             ... with a shard of ice
             ... on level 1 of the Elven Halls.
             The game lasted 00:52:40 (25857 turns).

jasper the Markself (Deep Elf Hexslinger)          Turns: 25857, Time: 00:52:41

Health: -16/97     AC: 22    Str:  9    XL:     16   Next: 23%
Magic:  24/24      EV: 19    Int: 23    God:    Okawaru [*****.]
Gold:   1495       SH: 13    Dex: 17    Spells: 6/18 levels left

rFire   + + +        H - +2 hand cannon (freeze)
rCold   + . .        m - +0 kite shield
rNeg    . . .        n - +2 robe {rC+ rF+}
rPois   .            X - +0 helmet of Dogmatism {rF++}
rElec   .            I - +2 cloak {Will+}
rCorr   .            r - +2 pair of gloves
SInv    .            A - +2 pair of boots
Will    ++...        T - amulet of faith
Stlth   ++           O - +4 ring of protection
HPRegen 0.36/turn    l - +4 ring of protection
MPRegen 0.19/turn

%: faith
@: slowed, very slow
A: no striking features
a: Renounce Religion, Heroism, Finesse, Duel


You were on level 1 of the Elven Halls.
You worshipped Okawaru.
Okawaru was extremely pleased with you.
You visited 5 branches of the dungeon, and saw 24 of its levels.

You collected 2657 gold pieces.
You spent 1162 gold pieces at shops.

Inventory:

Hand Weapons
 H - a +2 hand cannon of freezing (weapon)
Missiles
 k - 7 atropa-tipped darts
 v - 10 throwing nets
 D - 6 curare-tipped darts
 W - 13 javelins
Armour
 m - a +0 kite shield (worn)
 n - a +2 robe of resistance (worn)
 r - a +2 pair of gloves (worn)
 A - a +2 pair of boots (worn)
 I - a +2 cloak of willpower (worn)
 J - a +0 buckler
 Q - +0 acid dragon scales
 X - the +0 helmet of Dogmatism (worn) {rF++}
   (You bought it in a shop on level 14 of the Dungeon)

   rF++:      It greatly protects you from fire.
Jewellery
 l - a +4 ring of protection (right hand)
 z - a ring of protection from fire
 F - a ring of positive energy
 G - a ring of positive energy
 L - an amulet of regeneration
 O - a +4 ring of protection (left hand)
 R - a ring of protection from fire
 T - an amulet of faith (around neck)
 V - a ring of willpower
Wands
 a - a wand of polymorph (9)
 i - a wand of light (17)
 o - a wand of roots (33)
 s - a wand of mindburst (23)
 u - a wand of digging (8)
 x - a wand of paralysis (10)
 P - a wand of flame (57)
Scrolls
 b - a scroll of immolation
 e - 7 scrolls of teleportation
 j - 4 scrolls of identify
 p - a scroll of torment
 y - 4 scrolls of fog
 N - 4 scrolls of fear
Potions
 c - a potion of mutation
 d - 2 potions of cancellation
 g - 2 potions of might
 h - 3 potions of ambrosia
 q - 5 potions of enlightenment
 w - 8 potions of curing
 B - 2 potions of lignification
 E - 3 potions of haste
 K - 2 potions of brilliance
 M - 2 potions of attraction
 S - a potion of resistance
 U - a potion of berserk rage
 Z - 3 potions of degeneration
Miscellaneous
 f - a lightning rod (4/4)
 t - a box of beasts
 Y - a condenser vane (inert)


   Skills:
 - Level 10.0 Fighting
 - Level 18.0 Ranged Weapons
 - Level 14.0 Dodging
 + Level 12.1 Shields
 - Level 1.5 Spellcasting
 - Level 13.0 Hexes
 - Level 6.0 Translocations
 - Level 2.0 Fire Magic
 - Level 9.0 Alchemy
 - Level 8.0 Invocations


You had 6 spell levels left.
You knew the following spells:

 Your Spells              Type           Power      Damage    Failure   Level
b - Inner Flame           Hex/Fire       36%        N/A       4%          3
c - Dimensional Bullseye  Hex/Tloc       22%        N/A       8%          4
d - Yara's Violent Unrav  Hex/Alch       25%        3d11      11%         5

Your spell library contained the following spells:

 Spells                   Type           Power      Damage    Failure   Level
 Slow                     Hex            100%       N/A       1%          1
 Jinxbite                 Hex            100%       N/A       1%          2
 Confusing Touch          Hex            57%        N/A       1%          3
 Sigil of Binding         Hex            57%        N/A       1%          3
 Cause Fear               Hex            28%        N/A       1%          4
 Apportation              Tloc           58%        N/A       3%          1
 Blink                    Tloc           58%        N/A       4%          2
 Alistair's Intoxication  Alch           28%        N/A       26%         5
 Freeze                   Ice            4%         1d3       36%         1
 Kiss of Death            Conj/Necr      4%         2d5       36%         1
 Magic Dart               Conj           4%         1d3       36%         1
 Sandblast                Erth           2%         2d4       36%         1
 Petrify                  Alch/Erth      22%        N/A       50%         4
 Frozen Ramparts          Ice            2%         1d1       73%         3
 Hailstorm                Conj/Ice       1%         3d5       73%         3
 Passwall                 Erth           1%         N/A       73%         3
 Stone Arrow              Conj/Erth      2%         3d7       73%         3
 Vampiric Draining        Necr           1%         2d6       73%         3
 Brom's Barrelling Bould  Conj/Erth      1%         2d3       98%         4
 Dispel Undead            Necr           1%         3d6       98%         4
 Enfeeble                 Hex            28%        N/A       83%         7
 Chain Lightning          Conj/Air       0%         2d1       100%        9
 Fire Storm               Conj/Fire      3%         8d1       100%        9
 Shatter                  Erth           0%         3d5*      100%        9
 Call Imp                 Summ           Unusable   N/A       N/A         2
 Summon Forest            Summ/Tloc      Unusable   N/A       N/A         5

Dungeon Overview and Level Annotations

Branches:
Dungeon (15/15)            Temple (1/1) D:7            Lair (5/5) D:10
  Swamp (0/4) Lair:3        Snake (0/4) Lair:2        Slime (0/5) Lair:5
    Orc (2/2) D:11            Elf (1/3) Orc:2        Vaults (0/5) D:13
 Depths (0/4) D:15

Altars:
Ashenzari
Cheibriados
Dithmenos
Elyvilon
Fedhas
Gozag
Hepliaklqana
Kikubaaqudgha
Makhleb
Nemelex Xobeh
Okawaru
Qazlal
Ru
Sif Muna
Trog
Uskayaw
Vehumet
Wu Jian
Xom
Yredelemnul
Zin
The Shining One
Jiyva

Shops:
D:3 [?![!   D:8 =[*!   D:13 (   D:14 =[*?   D:15 :   Orc:1 (   Orc:2 [[((

Annotations:
D:10 exclusion: door


Message History

Press: ? - help, Q - select action, (/) - cycle Shift-Dir - straight line, f/p - deep elf archer
Aim: a deep elf archer, wielding a +2 dagger of venom and wearing a +0 leather armour (almost dead, repelling missiles, 29% to hit)
You shoot a bolt.
The bolt barely misses the deep elf archer.
The deep elf pyromancer mumbles some strange words.
The deep elf pyromancer blinks!
The deep elf knight wields a +0 shortbow.
The deep elf knight shoots an arrow.
The arrow hits you!
The deep elf zephyrmancer mumbles some strange words.
The deep elf zephyrmancer blinks!
The deep elf archer unwields a +2 dagger of venom.
It stops dripping with poison.
The deep elf archer wields a +0 longbow.
The deep elf archer shoots an arrow.
You block the arrow.
The deep elf knight gestures at you while chanting.
The shard of ice hits you! You partially resist.
The deep elf archer shoots an arrow.
The arrow hits you but does no damage.
The deep elf pyromancer moves out of view.
You take 17 damage, and have 40/97 hp.
Fire: H) +2 hand cannon (freeze)
Press: ? - help, Q - select action, (/) - cycle Shift-Dir - straight line, f/p - deep elf archer
Aim: a deep elf archer, wielding a +0 longbow and wearing a +0 leather armour (almost dead, repelling missiles, 29% to hit)
You shoot a bolt. The bolt misses the deep elf archer.
The deep elf knight shoots an arrow.
You block the arrow.
The deep elf archer shoots an arrow.
The arrow hits you!!
* * * LOW HITPOINT WARNING * * *
The deep elf zephyrmancer casts a spell.
The deep elf zephyrmancer blinks!
The deep elf knight shoots an arrow.
The arrow hits you but does no damage.
You take 28 damage, and have 12/97 hp.
MASSIVE DAMAGE!!
Fire: H) +2 hand cannon (freeze)
Press: ? - help, Q - select action, (/) - cycle Shift-Dir - straight line, f/p - deep elf archer
Aim: a deep elf archer, wielding a +0 longbow and wearing a +0 leather armour (almost dead, repelling missiles, 29% to hit)
You shoot a bolt.
The bolt closely misses the deep elf archer.
The deep elf zephyrmancer casts a spell.
The deep elf zephyrmancer blinks!
The deep elf knight casts a spell at you.
The shard of ice hits you!! You partially resist.
You die...

##.....~~~...##
####>.##..~~~....##
###........~~~~~....#
...(..e....~~~~~....#
#........~~~~~.<..#
#........~~~~~....#
####..##.~~)~~....#
##○##..~~~....##
#@##..~~~...##
#)########### #.eee##
#.#(# .e# ..# .e#§ .
#


You could see a deep elf archer (repels missiles), a deep elf knight, a deep elf
zephyrmancer and a +1 mace of protection.

Vanquished Creatures
  Jorgrun (D:13)
  2 sphinxes (D:13)
  A storm dragon (D:13)
  An orc warlord (Orc:2)
  A dire elephant (Lair:5)
  Snorg (Orc:1)
  Harold (D:10)
  13 hydras
  2 rakshasas
  3 catoblepae
  Erolcha (D:13)
  2 ogre magi (D:15)
  5 boulder beetles
  7 centaur warriors
  16 two-headed ogres
  A deep troll shaman (Lair:5)
  6 death yaks (Lair:5)
  Urug (D:13)
  An orc high priest (Orc:2)
  A deep elf knight (Elf:1)
  A skyshark (Lair:4)
  A fire crab (shapeshifter) (D:13)
  4 skeletal warriors (D:14)
  3 orc knights
  A necromancer (D:15)
  Pikel (D:7)
  3 lindwurms (Lair:5)
  A phantasmal warrior (D:13)
  9 deep elf pyromancers
  A deep elf archer (D:13)
  13 ugly things
  2 deep elf zephyrmancers
  A will-o-the-wisp (Lair:3)
  2 orc sorcerers
  9 cyclopes
  22 elephants
  5 manticores
  2 centaur zombies (D:15)
  A black mamba (Lair:5)
  A meliai (D:13)
  6 kobold blastminers (Orc:2)
  A gargoyle (D:13)
  7 cane toads
  5 centaur skeletons
  A kobold demonologist (D:12)
  4 rime drakes
  10 komodo dragons
  Jeremiah (D:6)
  4 tengu conjurers
  A freezing wraith (D:15)
  4 yaktaurs (D:13)
  Psyche (D:9)
  5 trolls
  3 hornets
  A polar bear (shapeshifter) (D:13)
  Prince Ribbit (D:7)
  17 blink frogs
  7 dream sheep (Lair:4)
  4 polar bears
  A centaur simulacrum (D:15)
  4 slime creatures
  An air elemental (Orc:2)
  A shadow (D:12)
  4 wyverns
  A water elemental (Elf:1)
  3 wraiths
  33 yaks
  5 basilisks
  Eustachio (D:5)
  Grum (D:9)
  3 wargs
  A vampire mosquito (D:13)
  Menkaure (D:4)
  2 nagas (Lair:2)
  Edmund (D:4)
  3 acid dragons
  11 water moccasins
  Duvessa (D:5)
  2 black bears (Lair:5)
  37 orc warriors
  A sky beast (D:7)
  A boggart (D:13)
  17 ogres
  A laughing skull (D:13)
  3 centaurs
  22 wolves
  8 kobold brigands
  Blork the orc (D:4)
  14 bullfrogs
  5 gnoll sergeants (D:9)
  8 wights
  Dowan (D:4)
  2 electric eels (Lair:3)
  6 howler monkeys
  19 orc priests
  17 hounds
  8 jellies
  3 gnoll boudas
  Jessica (D:2)
  14 iguanas
  Ijyb (D:4)
  Natasha (D:3)
  26 orc wizards
  7 hell rats (Lair:3)
  28 gnolls
  5 adders
  A shadow imp (D:6)
  2 white imps
  2 ufetubi (D:6)
  A dart slug (D:3)
  A ribbon worm (D:4)
  103 orcs
  6 ball pythons
  7 endoplasms
  A giant cockroach (D:4)
  7 goblins
  7 hobgoblins
  2 jackals (D:1)
  29 kobolds
  3 quokkas
  7 bats
  16 frilled lizards
  5 rats
770 creatures vanquished.

Vanquished Creatures (others)
  An ogre mage (D:15)
  An iguana (Lair:3)
  A frilled lizard (Lair:3)
  2 foxfires (Lair:3)
5 creatures vanquished.

Grand Total: 775 creatures vanquished

Notes
Turn   | Place    | Note
-------+----------+-------------------------------------------
     0 | D:1      | jasper the Deep Elf Hexslinger began the quest for the Orb.
     0 | D:1      | Reached XP level 1. HP: 11/11 MP: 5/5
   156 | D:1      | Reached skill level 1 in Fighting
   260 | D:1      | Reached skill level 3 in Ranged Weapons
   360 | D:1      | Reached XP level 2. HP: 16/16 MP: 6/6
   363 | D:1      | Learned a level 2 spell: Jinxbite
   972 | D:1      | Reached XP level 3. HP: 21/21 MP: 7/7
  1478 | D:2      | Reached skill level 4 in Ranged Weapons
  1516 | D:2      | Noticed Jessica
  1530 | D:2      | Killed Jessica
  1531 | D:2      | Reached skill level 5 in Ranged Weapons
  1531 | D:2      | Reached XP level 4. HP: 19/26 MP: 8/8
  2281 | D:3      | Found Zoas's Antique Armour Shoppe.
  2322 | D:3      | Found a basalt altar of Yredelemnul.
  2396 | D:3      | Found a broken altar of Ashenzari.
  2460 | D:3      | Found a radiant altar of Vehumet.
  2535 | D:3      | Found Juol's Magic Scroll Emporium.
  2548 | D:3      | Bought a scroll of teleportation for 39 gold pieces
  2548 | D:3      | Bought a scroll of teleportation for 39 gold pieces
  2575 | D:3      | Found Ikhup's Armour Shoppe.
  2705 | D:3      | Learned a level 3 spell: Inner Flame
  2709 | D:3      | You fall into a shaft and drop 2 floors!
  2709 | D:5      | Entered Level 5 of the Dungeon
  2743 | D:5      | Reached skill level 6 in Ranged Weapons
  2751 | D:5      | Noticed a centaur
  2847 | D:5      | Killed a centaur
  2848 | D:5      | Reached skill level 7 in Ranged Weapons
  2848 | D:5      | Reached XP level 5. HP: 19/30 MP: 9/9
  2896 | D:5      | Noticed Eustachio
  2906 | D:5      | Killed Eustachio
  2907 | D:5      | Reached skill level 8 in Ranged Weapons
  2907 | D:5      | Reached XP level 6. HP: 28/35 MP: 10/10
  2927 | D:5      | Found a stormy altar of Qazlal.
  3133 | D:5      | Found a bloodstained altar of Trog.
  3176 | D:5      | Found an ancient bone altar of Kikubaaqudgha.
  3305 | D:5      | Found a glowing golden altar of the Shining One.
  3350 | D:4      | Reached skill level 9 in Ranged Weapons
  3373 | D:4      | Noticed Blork the orc
  3380 | D:4      | Killed Blork the orc
  3400 | D:4      | Noticed Edmund
  3445 | D:4      | Killed Edmund
  3446 | D:4      | Reached skill level 10 in Ranged Weapons
  3446 | D:4      | Reached XP level 7. HP: 40/40 MP: 11/11
  3453 | D:4      | Learned a level 4 spell: Dimensional Bullseye
  3595 | D:4      | Noticed Ijyb
  3610 | D:4      | Killed Ijyb
  3762 | D:3      | Found Seowugh's Distillery.
  3792 | D:3      | Found Saaqeav's Distillery.
  3823 | D:3      | Found an ornate altar of the Wu Jian Council.
  3906 | D:3      | Noticed Natasha
  3908 | D:3      | Killed Natasha
  3993 | D:4      | Noticed Menkaure
  4001 | D:4      | Killed Menkaure
  4002 | D:4      | Reached skill level 11 in Ranged Weapons
  4212 | D:4      | Found a shimmering blue altar of Sif Muna.
  4265 | D:4      | Identified the staff of Embarrassment {rPois rC+ Alchemy}
  4390 | D:4      | Reached XP level 8. HP: 44/44 MP: 9/12
  4709 | D:5      | Noticed Dowan
  4711 | D:5      | Noticed Duvessa
  4780 | D:5      | Killed Duvessa
  4792 | D:4      | Killed Dowan
  4974 | D:6      | Reached skill level 1 in Translocations
  5099 | D:6      | Noticed Jeremiah
  5118 | D:6      | Killed Jeremiah
  5119 | D:6      | Reached skill level 12 in Ranged Weapons
  5119 | D:6      | Reached skill level 5 in Hexes
  5750 | D:7      | Reached XP level 9. HP: 51/51 MP: 5/13
  5855 | D:7      | Noticed Pikel
  5873 | D:7      | Killed Pikel
  5874 | D:7      | Reached skill level 13 in Ranged Weapons
  5874 | D:7      | Reached skill level 5 in Dodging
  5940 | D:7      | Identified the +1 robe "Nucympidgh" {Fly Str+4 Int-3
                  | Slay-5}
  6061 | D:7      | Noticed Prince Ribbit
  6069 | D:7      | Killed Prince Ribbit
  6242 | D:7      | Found a staircase to the Ecumenical Temple.
  6255 | Temple   | Entered the Ecumenical Temple
  6273 | Temple   | Became a worshipper of Warmaster Okawaru
  6362 | D:7      | Found a snail-covered altar of Cheibriados.
  6644 | D:8      | Got Koger's Catalogue of the Voyage and Topography
  6646 | D:8      | Found Zigul's Armour Boutique.
  7091 | D:8      | Found Joivojor's Distillery.
  7102 | D:8      | Bought a potion of curing for 33 gold pieces
  7102 | D:8      | Bought a potion of curing for 33 gold pieces
  7102 | D:8      | Bought a potion of heal wounds for 55 gold pieces
  7102 | D:8      | Bought 2 potions of lignification for 66 gold pieces
  7140 | D:8      | Reached skill level 14 in Ranged Weapons
  7140 | D:8      | Reached XP level 10. HP: 51/58 MP: 6/14
  7144 | D:8      | Reached * piety under Okawaru
  7212 | D:8      | Found Idwez's General Store.
  7352 | D:8      | Found Effym's Jewellery Shop.
  7616 | D:9      | Noticed Psyche
  7641 | D:9      | Killed Psyche
  7706 | D:9      | Reached skill level 1 in Shields
  7730 | D:9      | Noticed a two-headed ogre
  8346 | D:9      | Found a white marble altar of Elyvilon.
  8400 | D:9      | Killed a two-headed ogre
  8400 | D:9      | Reached ** piety under Okawaru
  8553 | D:9      | Noticed Grum
  8556 | D:9      | Killed Grum
  8615 | D:9      | Reached skill level 15 in Ranged Weapons
  8683 | D:9      | Identified the +4 spear of the Enemy {flame, rF++ Int+6}
  9088 | D:9      | Reached skill level 5 in Shields
  9149 | D:10     | Entered Level 10 of the Dungeon
  9249 | D:10     | Noticed Harold
  9306 | D:10     | Reached XP level 11. HP: 62/62 MP: 10/15
  9317 | D:10     | Killed Harold
  9317 | D:10     | Reached *** piety under Okawaru
  9394 | D:10     | Found a shadowy altar of Dithmenos.
  9395 | D:10     | Found a sacrificial altar of Ru.
  9396 | D:10     | Found a hide-covered altar of Uskayaw.
  9397 | D:10     | Found a hazy altar of Hepliaklqana.
  9688 | D:10     | Reached skill level 16 in Ranged Weapons
  9886 | D:10     | Found an opulent altar of Gozag.
  9922 | D:10     | Reached **** piety under Okawaru
  9955 | D:10     | Found a staircase to the Lair.
 10117 | D:11     | Reached skill level 17 in Ranged Weapons
 10333 | D:11     | Found a staircase to the Orcish Mines.
 10788 | Lair:1   | Entered Level 1 of the Lair of Beasts
 10805 | Lair:1   | Reached skill level 18 in Ranged Weapons
 10805 | Lair:1   | Reached skill level 1 in Invocations
 10912 | Lair:1   | Found a sparkling altar of Nemelex Xobeh.
 10949 | Lair:1   | Reached skill level 5 in Fighting
 11098 | Lair:1   | Reached ***** piety under Okawaru
 11126 | Lair:1   | Reached XP level 12. HP: 68/68 MP: 9/16
 11421 | Lair:1   | Reached skill level 5 in Invocations
 11652 | Lair:2   | Received a gift from Okawaru
 11799 | Lair:2   | Noticed a four-headed hydra
 11810 | Lair:2   | Killed a four-headed hydra
 11884 | Lair:2   | Found a staircase to the Snake Pit.
 11952 | Lair:2   | Learned a level 5 spell: Yara's Violent Unravelling
 12199 | Lair:2   | Reached skill level 1 in Alchemy
 12561 | Lair:3   | Received a gift from Okawaru
 12589 | Lair:3   | Noticed a catoblepas
 12602 | Lair:3   | Noticed an eight-headed hydra
 12609 | Lair:3   | Killed a catoblepas
 12610 | Lair:3   | Reached skill level 10 in Hexes
 12615 | Lair:3   | Killed an eight-headed hydra
 12616 | Lair:3   | Reached skill level 5 in Alchemy
 12700 | Lair:3   | Found a staircase to the Swamp.
 12765 | Lair:3   | Reached XP level 13. HP: 74/74 MP: 21/21
 13341 | Lair:3   | You fall into a shaft and drop 2 floors!
 13341 | Lair:5   | Entered Level 5 of the Lair of Beasts
 13377 | Lair:5   | Reached skill level 5 in Translocations
 14111 | Lair:4   | Received a gift from Okawaru
 15111 | Lair:5   | Found a viscous altar of Jiyva.
 15119 | Lair:5   | Found a staircase to the Slime Pits.
 15170 | Lair:5   | Received a gift from Okawaru
 15593 | Lair:5   | Reached XP level 14. HP: 47/80 MP: 18/22
 15609 | Lair:5   | Reached skill level 10 in Dodging
 16246 | Orc:1    | Entered Level 1 of the Orcish Mines
 16386 | Orc:1    | Noticed Snorg
 16400 | Orc:1    | Killed Snorg
 16400 | Orc:1    | Received a gift from Okawaru
 16657 | Orc:2    | Entered Level 2 of the Orcish Mines
 16933 | Orc:2    | Found a staircase to the Elven Halls.
 17136 | Orc:1    | Found Ticluo's Antique Weapon Emporium.
 17380 | Orc:2    | Found Soipem's Armour Boutique.
 17836 | Orc:2    | Found Extas's Weapon Boutique.
 17954 | Orc:2    | Noticed an orc warlord
 17967 | Orc:2    | Killed an orc warlord
 18120 | Orc:2    | Found Qullim's Antique Weapon Emporium.
 18122 | Orc:2    | Found Jocixe's Antique Armour Shoppe.
 18558 | D:12     | Received a gift from Okawaru
 18830 | D:13     | Found Idghijol's Antique Weapon Emporium.
 18911 | D:13     | Noticed Jorgrun
 18929 | D:13     | Killed Jorgrun
 19021 | D:13     | Noticed Erolcha
 19026 | D:13     | Killed Erolcha
 19191 | D:13     | Received a gift from Okawaru
 19412 | D:13     | Reached XP level 15. HP: 90/92 MP: 23/23
 19642 | D:13     | Reached skill level 10 in Fighting
 19794 | D:13     | Received a gift from Okawaru
 19839 | D:13     | Noticed a sphinx
 19839 | D:13     | Noticed a sphinx
 19842 | D:13     | Noticed a storm dragon
 20052 | D:14     | Found Orrol's Jewellery Shop.
 20557 | D:14     | Found Vaewnut's Magic Scroll Emporium.
 20562 | D:14     | Bought 2 scrolls of enchant armour for 255 gold pieces
 20562 | D:14     | Bought a scroll of enchant armour for 127 gold pieces
 20562 | D:14     | Bought a scroll of teleportation for 51 gold pieces
 20955 | D:14     | Found Dutehof's General Store.
 21174 | D:14     | Bought the +0 helmet of Dogmatism {rF++} for 464 gold
                  | pieces
 21220 | D:14     | Received a gift from Okawaru
 21354 | D:14     | Found Quylos's Armour Emporium.
 21511 | D:15     | Entered Level 15 of the Dungeon
 22367 | D:15     | HP: 3/92 [centaur warrior/arrow (22)]
 23242 | D:15     | Reached skill level 10 in Shields
 23373 | D:15     | Found a staircase to the Depths.
 23450 | D:15     | Received a gift from Okawaru
 23588 | D:15     | Found a shimmering blue altar of Sif Muna.
 23686 | D:15     | Found Lahor's Book Shop.
 24632 | D:13     | Reached XP level 16. HP: 97/97 MP: 24/24
 24646 | D:13     | Received a gift from Okawaru
 24760 | D:13     | Killed a sphinx
 24840 | D:13     | Found a gate to the Vaults.
 24898 | D:13     | Noticed Urug
 24908 | D:13     | Killed Urug
 25005 | D:13     | Killed a storm dragon
 25207 | D:13     | Killed a sphinx
 25387 | D:13     | Identified the +4 war axe of Prudence {speed, rC+}
 25619 | Elf:1    | Entered Level 1 of the Elven Halls
 25734 | Elf:1    | Paralysed by an air elemental for 1 turns
 25736 | Elf:1    | Paralysed by an air elemental for 1 turns
 25857 | Elf:1    | Killed from afar by a deep elf knight

Illustrated notes

Levels and vault maps discovered:
D:1:      heliophobic_arrival_enchanted_forest, layout_basic
D:2:      layout_loops_ring, uniq_jessica
D:3:      layout_basic, mainiacjoe_overflow_small_starburst,
          mainiacjoe_overflow_six_doors_small, mainiacjoe_overflow_boulevard,
          lemuel_round_altar, serial_shops, shop, shop, shop, shop,
          nicolae_shop_back_alley_shop, st_stairs_13, uniq_natasha
D:4:      layout_basic, mainiacjoe_overflow_24_doors, serial_forest,
          infiniplex_forest_zigzag_1, infiniplex_forest_end_1,
          infiniplex_forest_lined_2, infiniplex_forest_clump_cross,
          infiniplex_forest_clump_medium, infiniplex_forest_straight_5,
          infiniplex_forest_zigzag_1, infiniplex_forest_zigzag_2,
          infiniplex_forest_split, uniq_edmund, uniq_blork_the_orc,
          uniq_menkaure, uniq_ijyb
D:5:      cheibrodos_thug_alley, layout_rooms,
          mainiacjoe_overflow_concentric_impassable,
          mainiacjoe_overflow_two_lobes, mainiacjoe_overflow_chevrons,
          uniq_duvessa, uniq_eustachio
D:6:      layout_basic, uniq_jeremiah
D:7:      layout_loops_ring, cheibriados_altar_1, temple_green, uniq_pikel,
          uniq_prince_ribbit1
D:8:      layout_cave_pools, serial_shops, shop, nicolae_shop_waterfront, shop,
          nicolae_lakefront_shop
D:9:      layout_cross, lemuel_doored_altar, serial_gnoll_camp,
          gnoll_camp_mini_sergeant, grums_kennel, gnoll_camp_huts_basic,
          gnoll_camp_mini_basic, gnoll_camp_medium_01,
          gnoll_camp_mini_loothouse, uniq_psyche
D:10:     layout_gridville, kennysheep_mini, mainiacjoe_overflow_alcove_3,
          david_lair_shrubbed, uniq_harold
D:11:     layout_irregular_city, orc_0_dummy
D:12:     layout_basic, special_room [special_room_orc]
D:13:     minmay_nested_s, layout_irregular_city,
          hangedman_vaults_entry_quadrant_bands, serial_shops, shop,
          uniq_jorgrun, uniq_erolcha, uniq_urug
D:14:     layout_basic, serial_shops, nicolae_shop_pleasant_corner_grove,
          nicolae_shop_gaudy_bauble, nicolae_shop_real_fake_doors, shop
D:15:     grunt_enter_depths_magical_seal, layout_cave_pods, serial_shops,
          nicolae_shop_stone, led_sif_pool
Temple:   nicolae_temple_stand_before_the_council
Lair:1:   layout_misc_corridors, basic_altar, minivault_19, grunt_megastairs_5
Lair:2:   layout_chaotic_city, guppyfry_snake_entry_island
Lair:3:   lemuel_reptile_caves, layout_cellular_growth,
          minmay_swamp_entry_wisps, grunt_megastairs_1
Lair:4:   layout_hall_layers, lemuel_fruit_tree, lemuel_fruit_fields,
          grunt_megastairs_3
Lair:5:   grunt_lair_end_beastmaster, layout_long_grid,
          minmay_slime_entry_pillars, enter_volcano_1, nicolae_lair_lindhole
Orc:1:    layout_diamond_mine, serial_shops, shop, nicolae_orc_crystal_seam,
          uniq_snorg
Orc:2:    grunt_orc_community_town_hall, layout_caves,
          grunt_orc_community_big_house_1, grunt_orc_community_big_house_1,
          grunt_orc_community_house_2, grunt_orc_community_house_1,
          grunt_orc_community_house_3, grunt_orc_community_house_2,
          grunt_orc_community_house_1, basic_altar
Elf:1:    eino_elf_arrival_sip, layout_rooms, serial_glass, glass_columns_a,
          glass_columns_a, serial_shops, shop, ebering_ghost_gozag,
          hangedman_elven_crosses_minicolossus, glass_columns_b, minivault_28

Skill      XL: |  1  2  3  4  5  6  7  8  9 10 11 12 13 14 15 16 |
---------------+-------------------------------------------------+-----
Fighting       | 1 2 3 4 5 6 9 10 | 10.0
Ranged Weapons | 3 5 7 8 10 11 12 14 15 18 | 18.0
Dodging        | 3 4 6 8 9 13 14 | 14.0
Translocations | 2 4 6 |  6.0
Hexes          | 5 7 10 13 | 13.0
Fire Magic     | 2 |  2.0
Shields        | 5 6 11 12 | 12.1
Invocations    | 3 8 |  8.0
Alchemy        | 5 9 |  9.0
Spellcasting   | |  1.5

Action                     |  1- 3 |  4- 6 |  7- 9 | 10-12 | 13-15 | 16-18 || total
---------------------------+-------+-------+-------+-------+-------+-------++-------
   Fire: Sling             |   105 |   123 |    37 |       |       |       ||   265
         Orcbow            |       |       |   201 |     8 |       |       ||   209
         Hand cannon       |       |       |       |   513 |  1560 |   143 ||  2216
   Cast: Jinxbite          |    12 |    16 |    47 |    63 |     7 |       ||   145
         Inner Flame       |       |       |     8 |     4 |    21 |       ||    33
         Dimensional Bulls |       |       |     2 |       |     8 |       ||    10
 Invoke: Heroism           |       |       |       |    15 |     5 |       ||    20
         Finesse           |       |       |       |     2 |    16 |     2 ||    20
  Evoke: Wand              |       |       |     7 |       |       |       ||     7
         Condenser vane    |       |       |       |       |     2 |       ||     2
    Use: Scroll            |       |    10 |     5 |    12 |     9 |       ||    36
         Potion            |       |       |     2 |       |     6 |     1 ||     9
 Armour: Robe              |    21 |    49 |    57 |   151 |   582 |    61 ||   921
         Leather armour    |     8 |     3 |       |       |       |       ||    11
         Skin              |       |       |     5 |       |       |       ||     5
         Acid dragon scale |       |       |       |       |    55 |       ||    55
  Dodge: Dodged            |    37 |    44 |    56 |   197 |   624 |    66 ||  1024
  Block: Buckler           |       |       |       |    59 |   166 |       ||   225
         Kite shield       |       |       |       |       |   199 |    75 ||   274

Table legend: (Time is in decaauts)
 A = Elapsed time spent in this place.
 B = Non-inter-level travel time spent in this place.
 C = Inter-level travel time spent in this place.
 D = Time resting spent in this place.
 E = Time spent auto-exploring this place.
 F = Levels seen in this place.
 G = Mean time per level.
                   A        B        C        D        E       F      G
               +--------+--------+--------+--------+--------+-----+--------+
         Total |  25990 |  24362 |   1628 |   4674 |  14800 |  24 | 1082.9 |
       Dungeon |  18384 |  17194 |   1190 |   3647 |  10469 |  15 | 1225.6 |
        Temple |     30 |     19 |     11 |      0 |      0 |   1 |   30.0 |
          Lair |   5379 |   5128 |    251 |    485 |   3352 |   5 | 1075.8 |
  Orcish Mines |   2112 |   1937 |    175 |    534 |    962 |   2 | 1056.0 |
   Elven Halls |     82 |     82 |      0 |      8 |     16 |   1 |   82.0 |
               +--------+--------+--------+--------+--------+-----+--------+

Top non-repeatable levels by time:
    D:13: 2419 daAuts
    D:14: 2398 daAuts
    D:15: 1907 daAuts
   Orc:2: 1618 daAuts
     D:9: 1364 daAuts
     D:1: 1362 daAuts
  Lair:5: 1330 daAuts
  Lair:4: 1329 daAuts
     D:4: 1184 daAuts
  Lair:3: 1114 daAuts
     D:7: 1066 daAuts
     D:8: 1056 daAuts
     D:2: 950 daAuts
    D:10: 942 daAuts
    D:11: 904 daAuts
